 Dungeon Crawl Stone Soup version 0.21.1-1-g345015f (webtiles) character file.

8892 diana the Grappler (level 11, 0/87 HPs)
             Began as a Demonspawn Gladiator on June 17, 2018.
             Was an Initiate of Gozag.
             Killed from afar by a deep elf mage (20 damage)
             ... with a bolt of cold
             ... on level 10 of the Dungeon.
             The game lasted 00:19:06 (11025 turns).

diana the Grappler (Demonspawn Gladiator)          Turns: 11025, Time: 00:19:07

Health: 0/87       AC:  9    Str: 18    XL:     11   Next: 15%
Magic:  11/11      EV: 14    Int:  9    God:    Gozag
Gold:   1323       SH:  7    Dex: 21    Spells: 10/10 levels left

rFire    . . .     SeeInvis .     - Unarmed
rCold    . . .     Gourm    .   B - +2 buckler
rNeg     . . .     Faith    .   k - +2 robe {MR+}
rPois    .         Spirit   .   b - +0 helmet
rElec    .         Reflect  .   (no cloak)
rCorr    .         Harm     .   (no gloves)
MR       +....                  (boots unavailable)
Stlth    ++........             (no amulet)
HPRegen  0.24/turn              t - +3 ring of protection
MPRegen  0.12/turn              u - +4 ring of dexterity

@: gold aura
A: talons 3, thin skeletal structure 1, spiny 1
a: Potion Petition, Call Merchant, Bribe Branch, Renounce Religion


You were on level 10 of the Dungeon.
You worshipped Gozag.
Gozag was most pleased with you.
You were hungry.

You visited 1 branch of the dungeon, and saw 11 of its levels.

You collected 2299 gold pieces.
You spent 732 gold pieces at shops.
You paid 244 gold pieces to Gozag.

Inventory:

Missiles
 c - 2 throwing nets (quivered)
Armour
 a - a +0 leather armour
 b - a +0 helmet (worn)
 k - a +2 robe of magic resistance (worn)
 B - a +2 buckler (worn)
Jewellery
 t - a +3 ring of protection (left hand)
 u - a +4 ring of dexterity (right hand)
Wands
 q - a wand of flame (59)
 y - a wand of iceblast (11)
 D - a wand of random effects (31)
 H - a wand of enslavement (4)
Scrolls
 e - 4 scrolls of remove curse
 g - a scroll of magic mapping {unknown}
 i - a scroll of enchant armour {unknown}
 j - 2 scrolls of random uselessness
 n - a scroll of enchant weapon {unknown}
 p - 3 scrolls of immolation {unknown}
 w - 2 scrolls of blinking {unknown}
 z - a scroll of noise {unknown}
 A - 2 scrolls of identify
 C - a scroll of teleportation {unknown}
 F - a scroll of holy word {unknown}
 G - 4 scrolls of fear {unknown}
Potions
 f - 2 potions of lignification
 h - 2 potions of degeneration
 l - 2 potions of curing
 m - a potion of haste {unknown}
 o - 7 potions of flight
 s - a potion of might
 v - a potion of agility
 x - a potion of cancellation {unknown}
 E - 2 potions of invisibility
Books
 r - a book of Minor Magic

   Spells                             Type                      Level
   a - Magic Dart                     Conjuration                  1
   b - Blink                          Translocation                2
   c - Call Imp                       Summoning                    2
   d - Slow                           Hexes                        2
   e - Conjure Flame                  Conjuration/Fire             3
   f - Mephitic Cloud                 Conjuration/Poison/Air       3
Comestibles
 d - 10 rations


   Skills:
 + Level 8.8 Fighting
 - Level 1.7 Throwing
 + Level 7.8 Armour
 + Level 3.4 Dodging
 + Level 1.8 Shields
 * Level 11.3 Unarmed Combat


You had 10 spell levels left.
You didn't know any spells.

Dungeon Overview and Level Annotations

Branches:
Dungeon (11/15)            Temple (0/1) D:4            Lair (0/6) D:8
    Orc: D:9-12

Altars:
Ashenzari
Dithmenos
Fedhas
Gozag
Makhleb
Okawaru
Qazlal
Sif Muna
Yredelemnul
Zin
The Shining One

Shops:
D:4 !?=   D:5 [


Innate Abilities, Weirdness & Mutations

You have claws for feet.
You have a somewhat thin skeletal structure. (Dex +2, Stealth)
You are partially covered in sharp spines.


Message History

The deep elf mage mumbles some strange words.
The deep elf mage blinks!
You hit the ice beast. You claw the ice beast!
The ice beast is severely wounded.
You block the ice beast's attack.
You barely miss the ice beast.
The ice beast is severely wounded.
The ice beast hits you. The ice beast freezes you!
* * * LOW HITPOINT WARNING * * *
You closely miss the ice beast. You claw the ice beast.
The ice beast is severely wounded.
The ice beast is struck by your spines. The ice beast barely misses you.
You hit the ice beast.
The ice beast is almost dead.
You block the ice beast's attack. The deep elf mage casts a spell at you.
The bolt of cold hits the ice beast.
The ice beast completely resists.
The bolt of cold hits you!
You die...
Your body crumbles into a pile of gold.

......#######)'######.#
.....## ###..[)[.###
....## #.'.§..§.'.#
...## ###......###
..###### #......###
##.##..# +.§.(§.'.#
##.....# #......###
.......# ###'e####
.......# +..Y@:#
.......# #######
......## .....## ....##
...## ..## .## ##


You could see a deep elf mage and an ice beast.

Vanquished Creatures
  2 two-headed ogres (D:9)
  Nergalle (D:11)
  Pikel (D:4)
  2 ugly things (D:11)
  2 hippogriffs
  Sigmund (D:4)
  A spriggan (D:9)
  Eustachio (D:6)
  2 hungry ghosts (D:7)
  Menkaure (D:4)
  A water moccasin (D:6)
  A swamp drake (D:10)
  A sky beast (D:8)
  A phantom (D:7)
  7 necrophages
  2 ice beasts
  An orc warrior (D:11)
  3 centaurs
  3 ogres
  A crocodile (D:11)
  A big kobold (D:8)
  Blork the orc (D:4)
  7 bullfrogs
  A water moccasin zombie (D:9)
  A scorpion (D:8)
  5 electric eels (D:10)
  5 wights (D:8)
  2 bullfrog zombies
  A centaur zombie (D:9)
  5 crimson imps
  5 hounds
  A quasit (D:7)
  An iron imp (D:10)
  A jelly (D:10)
  A centaur skeleton (D:3)
  6 orc priests
  2 iguanas
  15 orc wizards
  5 worker ants
  A killer bee zombie (D:9)
  A hound skeleton (D:4)
  A worker ant zombie (D:6)
  16 adders
  7 gnolls
  3 shadow imps
  A white imp (D:10)
  2 dart slugs
  A worm (D:3)
  6 leopard geckos
  46 orcs
  3 ball pythons
  7 giant cockroaches
  6 goblins
  7 hobgoblins
  20 jackals
  13 kobolds
  2 quokkas
  12 bats
  7 frilled lizards
  2 gnoll zombies (D:4)
  A quokka zombie (D:7)
  6 rats
  A bush (D:9)
273 creatures vanquished.

Vanquished Creatures (others)
  3 plants (D:9)
3 creatures vanquished.

Grand Total: 276 creatures vanquished

Notes
Turn   | Place    | Note
-------+----------+-------------------------------------------
     0 | D:1      | diana the Demonspawn Gladiator began the quest for the Orb.
     0 | D:1      | Reached XP level 1. HP: 16/16 MP: 1/1
   323 | D:1      | Reached skill level 3 in Unarmed Combat
   323 | D:1      | Gained mutation: You are partially covered in sharp spines. [demonic ancestry]
   323 | D:1      | Reached XP level 2. HP: 9/22 MP: 2/2
  1394 | D:2      | Found an opulent altar of Gozag.
  1411 | D:2      | Became a worshipper of Gozag Ym Sagoz the Greedy
  1424 | D:2      | Reached skill level 1 in Armour
  1424 | D:2      | Reached XP level 3. HP: 22/28 MP: 3/3
  1810 | D:2      | Gained mutation: You have sharp toenails. [demonic ancestry]
  1810 | D:2      | Reached XP level 4. HP: 29/34 MP: 4/4
  2482 | D:3      | Reached skill level 4 in Unarmed Combat
  2495 | D:3      | Found a shattered altar of Ashenzari.
  2575 | D:3      | Reached XP level 5. HP: 41/41 MP: 5/5
  2754 | D:3      | Found a deep blue altar of Sif Muna.
  2820 | D:3      | Gained mutation: You have razor-sharp toenails. [demonic ancestry]
  2820 | D:3      | Reached XP level 6. HP: 33/47 MP: 6/6
  3029 | D:3      | Found an iron altar of Okawaru.
  3135 | D:4      | Noticed Blork the orc
  3148 | D:4      | Killed Blork the orc
  3148 | D:4      | Reached skill level 5 in Unarmed Combat
  3199 | D:4      | Found Dacveg's Jewellery Boutique.
  3202 | D:4      | Bought a +3 ring of protection for 294 gold pieces
  3220 | D:4      | Found a staircase to the Ecumenical Temple.
  3227 | D:4      | Found Quoz's Magic Scroll Emporium.
  3370 | D:4      | Noticed Sigmund
  3380 | D:4      | Killed Sigmund
  3380 | D:4      | Gained mutation: You have claws for feet. [demonic ancestry]
  3380 | D:4      | Reached XP level 7. HP: 54/54 MP: 7/7
  3457 | D:4      | Noticed Menkaure
  3465 | D:4      | Killed Menkaure
  3601 | D:4      | Found Jur Vuo's Distillery.
  3603 | D:4      | Noticed Pikel
  3606 | D:4      | Reached skill level 6 in Unarmed Combat
  3641 | D:4      | Killed Pikel
  3641 | D:4      | Reached skill level 5 in Fighting
  3641 | D:4      | Gained mutation: You have a somewhat thin skeletal structure. (Dex +2, Stealth) [demonic ancestry]
  3641 | D:4      | Reached XP level 8. HP: 11/62 MP: 8/8
  3905 | D:4      | Bought a potion of heal wounds for 60 gold pieces
  4103 | D:4      | Found a basalt altar of Yredelemnul.
  4262 | D:5      | Entered Level 5 of the Dungeon
  4319 | D:5      | Reached skill level 7 in Unarmed Combat
  4445 | D:5      | Found Waewung's Armour Shoppe.
  4713 | D:5      | Found a glowing golden altar of the Shining One.
  5091 | D:4      | Bought a +4 ring of dexterity for 378 gold pieces
  5260 | D:6      | Noticed Eustachio
  5268 | D:6      | Killed Eustachio
  5295 | D:6      | Reached skill level 5 in Armour
  5299 | D:6      | Reached skill level 8 in Unarmed Combat
  5326 | D:6      | Found a shadowy altar of Dithmenos.
  5363 | D:6      | Reached XP level 9. HP: 22/69 MP: 9/9
  5812 | D:6      | Found a glowing silver altar of Zin.
  6000 | D:7      | Found a stormy altar of Qazlal.
  6259 | D:7      | Reached skill level 9 in Unarmed Combat
  6839 | D:8      | Reached XP level 10. HP: 55/79 MP: 10/10
  6871 | D:8      | Found a staircase to the Lair.
  6884 | D:8      | Found a burning altar of Makhleb.
  7519 | D:9      | Reached skill level 10 in Unarmed Combat
  7806 | D:9      | Found a blossoming altar of Fedhas.
  7924 | D:9      | Noticed a two-headed ogre
  7930 | D:9      | Killed a two-headed ogre
  8323 | D:10     | Entered Level 10 of the Dungeon
  8323 | D:10     | Noticed a two-headed ogre
  8574 | D:9      | Killed a two-headed ogre
  9728 | D:10     | Reached skill level 11 in Unarmed Combat
 10368 | D:11     | Noticed Nergalle
 10385 | D:11     | Killed Nergalle
 10385 | D:11     | Reached skill level 1 in Shields
 10441 | D:11     | Noticed a red ugly thing
 10449 | D:11     | Killed a red ugly thing
 10449 | D:11     | Reached XP level 11. HP: 22/87 MP: 11/11
 10801 | D:11     | Noticed a brown ugly thing
 10814 | D:11     | Killed a brown ugly thing
 11011 | D:10     | Noticed a deep elf mage
 11025 | D:10     | Killed from afar by a deep elf mage

Skill      XL: |  1  2  3  4  5  6  7  8  9 10 |
---------------+-------------------------------+-----
Unarmed Combat | 3 4 5 6 8 9 11 | 11.3
Armour         | 1 2 3 4 5 6 7 |  7.8
Fighting       | 3 4 5 6 7 8 |  8.8
Dodging        | 3 |  3.4
Shields        | 1 |  1.8
Throwing       | |  1.7

Action                   |  1- 3 |  4- 6 |  7- 9 | 10-12 || total
-------------------------+-------+-------+-------+-------++-------
Melee: Unarmed           |   134 |   124 |   252 |   257 ||   767
       Punch             |     1 |       |     6 |       ||     7
       Kick              |       |    37 |    91 |   129 ||   257
Throw: Throwing net      |       |       |     1 |     2 ||     3
Invok: Potion Petition   |       |       |       |     2 ||     2
  Use: Potion            |       |     1 |     4 |     6 ||    11
       Scroll            |       |       |     2 |     5 ||     7
 Stab: Sleeping          |     1 |     3 |     7 |     4 ||    15
       Distracted        |       |     2 |     1 |     1 ||     4
       Held in net/web   |       |       |       |     1 ||     1
  Eat: Ration            |     1 |     1 |     4 |     4 ||    10
Armor: Leather armour    |    26 |       |       |       ||    26
       Robe              |    12 |    22 |    41 |    31 ||   106
       Skin              |       |     4 |       |       ||     4
Dodge: Dodged            |    84 |    62 |   108 |    89 ||   343
Block: Buckler           |       |       |    21 |    54 ||    75
